 Dungeon Crawl Stone Soup version 0.18.1-48-g4cf74bf (webtiles) character file.

88 Alarkh the Shooter (level 4, 0/33 HPs)
             Began as a Mummy Hunter on Aug 15, 2016.
             Slain by a gnoll
             ... wielding a +0 spear
              (10 damage)
             ... on level 3 of the Dungeon.
             The game lasted 00:01:33 (1799 turns).

Alarkh the Shooter (Mummy Hunter)                   Turns: 1799, Time: 00:01:34

Health: 0/33       AC:  3    Str: 15    XL:     4   Next: 29%
Magic:  4/4        EV: 11    Int: 11    God:
Gold:   71         SH:  0    Dex: 12    Spells: 0 memorised, 3 levels left

rFire  x . .     SeeInvis .     a - +1 shortbow
rCold  + . .     Gourm    .     c - +0 leather armour
rNeg   + + +     Faith    .     (shield currently unavailable)
rPois  ∞         Spirit   .     (no helmet)
rElec  .         Dismiss  .     (no cloak)
rCorr  .         Reflect  .     (no gloves)
SustAt .         Harm     .     (no boots)
MR     .....                    (no amulet)
Stlth  +.........               (no ring)
                                (no ring)

@: not resistant to hostile enchantments, very unstealthy
A: no food or potions, fire vulnerability, cold resistance 1, negative energy
resistance 3, torment resistance, unbreathing
a: no special abilities


You were on level 3 of the Dungeon.
You were not hungry.

You visited 1 branch of the dungeon, and saw 3 of its levels.

You collected 71 gold pieces.

Inventory:

Hand Weapons
 a - a +1 shortbow (weapon)
 b - a +0 short sword
Armour
 c - a +0 leather armour (worn)
Jewellery
 g - an uncursed ring of magical power {unknown}
Scrolls
 e - a scroll of remove curse {unknown}
 f - 2 scrolls of identify {unknown}
 h - a scroll of fear {unknown}


   Skills:
 - Level 2.0 Fighting
 + Level 4.8 Bows
 - Level 1.5 Dodging
 - Level 0.7 Stealth


You had 3 spell levels left.
You didn't know any spells.

Dungeon Overview and Level Annotations

Branches:
Dungeon (3/15)

Altars:
Makhleb


Innate Abilities, Weirdness & Mutations

You do not eat or drink.
Your flesh is vulnerable to fire.
You are immune to poison.
Your flesh is cold resistant.
You are immune to negative energy.
You are immune to unholy pain and torment.
You can survive without breathing.


Message History

Firing (i - inventory):
d - 3 arrows (quivered)
Press: ? - help, Shift-Dir - straight line, f - gnoll
Aim: a gnoll, wielding a spear You shoot an arrow.
The arrow hits the gnoll.
The gnoll is moderately wounded.
The gnoll hits you from afar with a spear.
* * * LOW HITPOINT WARNING * * *
Firing (i - inventory):
d - 2 arrows (quivered)
Press: ? - help, Shift-Dir - straight line, f/p - gnoll
Aim: a gnoll, wielding a spear (moderately wounded)
You shoot an arrow. The arrow closely misses the gnoll.
The arrow hits the giant cockroach!
You kill the giant cockroach!
The gnoll hits you but does no damage.
Firing (i - inventory):
d - an arrow (quivered)
Press: ? - help, Shift-Dir - straight line, f/p - gnoll
Aim: a gnoll, wielding a spear (moderately wounded)
You shoot an arrow. The arrow closely misses the gnoll.
The gnoll hits you from afar with a spear!
You die...

#.# #.#
.#### #.#
..... #.#
...... #.#
..g... #.#
#.g.. #.#
...
#.#######.#
#..@.g).((#
#########.#
.# .. .#.
.#.. .# ..
.# ##.


You could see a gnoll.

Vanquished Creatures
  3 gnolls (D:3)
  An ooze (D:2)
  A worm (D:2)
  2 dart slugs (D:2)
  3 giant geckos
  7 bats
  3 giant cockroaches
  4 goblins (D:2)
  5 hobgoblins
  A quokka (D:2)
  2 ball pythons
  2 giant newts
  6 kobolds
  4 rats
44 creatures vanquished.

Notes
Turn   | Place    | Note
--------------------------------------------------------------
     0 | D:1      | Alarkh the Mummy Hunter began the quest for the Orb.
     0 | D:1      | Reached XP level 1. HP: 16/16 MP: 1/1
   251 | D:1      | Reached XP level 2. HP: 22/22 MP: 2/2
   977 | D:2      | Reached skill level 4 in Bows
  1114 | D:2      | Reached XP level 3. HP: 26/27 MP: 3/3
  1690 | D:3      | Found a burning altar of Makhleb.
  1795 | D:3      | Reached XP level 4. HP: 12/33 MP: 4/4
  1799 | D:3      | Slain by a gnoll

Skill      XL: |  1  2 |
---------------+-------+-----
Bows           | 4 |  4.8
Fighting       | |  2.0
Dodging        | |  1.5
Stealth        | |  0.7

Action                   |  1- 3 |  4- 6 || total
-------------------------+-------+-------++-------
Melee: Short sword       |    21 |       ||    21
 Fire: Shortbow          |   101 |     4 ||   105
 Stab: Sleeping          |     1 |       ||     1
Armor: Leather armour    |    14 |     1 ||    15
Dodge: Dodged            |    20 |       ||    20
